| TOP OF THE 1ST |
|
Toronto Blue Jays batting - Pitching for Washington Senators : RHP Kevin Millwood
|
|
Pitching: RHP Kevin Millwood
|
|
|
Batting: RHB Derek Jeter
|
0-0: Ball 1-0: Called Strike 1-1: Foul Ball, location: 2F 1-2: Ball 2-2: Ball 3-2: Foul Ball, location: 2F 3-2: Foul Ball, location: 2F 3-2: SINGLE (Groundball, 6D, EV 100.6 MPH)
|
|
Batting: RHB Mark McGwire
|
0-0: Bunt missed! 0-1: Bunt missed! 0-2: Ball 1-2: Ball 2-2: Ball 3-2: Base on Balls Derek Jeter to second
|
|
Batting: LHB Will Clark
|
0-0: Ball 1-0: Ball 2-0: Called Strike 2-1: Swinging Strike 2-2: Foul Ball, location: 2F 2-2: Strikes out swinging
|
|
Batting: RHB Ellis Burks
|
0-0: Called Strike 0-1: Fly out, F9 (Flyball, 9, EV 81.3 MPH)
|
|
Batting: LHB Lance Johnson
|
0-0: Called Strike 0-1: Foul Ball, location: 2F 0-2: Ball 1-2: Ball 2-2: Ball 3-2: SINGLE (Line Drive, 8RS, EV 103.1 MPH) Derek Jeter to third Mark McGwire to second Derek Jeter scores Mark McGwire to third
|
|
Batting: LHB Tony Womack
|
0-0: Ball 1-0: Fly out, F8 (Line Drive, 8LD, EV 104.4 MPH)
|
| Top of the 1st over - 1 run, 2 hits, 0 errors, 2 left on base; Toronto 1 - Washington 0 |
| BOTTOM OF THE 1ST |
|
Washington Senators batting - Pitching for Toronto Blue Jays : RHP Hipolito Pichardo
|
|
Pitching: RHP Hipolito Pichardo
|
|
|
Batting: RHB Kevin Sefcik
|
0-0: Ball 1-0: Ball 2-0: Called Strike 2-1: Foul Ball, location: 2F 2-2: Foul Ball, location: 2F 2-2: Foul Ball, location: 2F 2-2: Strikes out swinging
|
|
Batting: RHB Vladimir Guerrero
|
0-0: Ball 1-0: Ball 2-0: Ball 3-0: Called Strike 3-1: Called Strike 3-2: Fly out, F8 (Line Drive, 8RD, EV 93.1 MPH)
|
|
Batting: RHB Alex Rodriguez
|
0-0: Fly out, F7 (Flyball, 7, EV 91.3 MPH)
|
| Bottom of the 1st over - 0 runs, 0 hits, 0 errors, 0 left on base; Toronto 1 - Washington 0 |
| TOP OF THE 2ND |
|
Toronto Blue Jays batting - Pitching for Washington Senators : RHP Kevin Millwood
|
|
Batting: RHB Hector Villanueva
|
0-0: Swinging Strike 0-1: Called Strike 0-2: Ball 1-2: Strikes out looking
|
|
Batting: SHB Tony Fernandez
|
0-0: Ball 1-0: Ground out 1-3 (Groundball, 13S, EV 68.8 MPH)
|
|
Batting: SHB Torey Lovullo
|
0-0: Ball 1-0: Ball 2-0: Swinging Strike 2-1: Ball 3-1: Fly out, F9 (Flyball, 9LM, EV 87.5 MPH)
|
| Top of the 2nd over - 0 runs, 0 hits, 0 errors, 0 left on base; Toronto 1 - Washington 0 |
| BOTTOM OF THE 2ND |
|
Washington Senators batting - Pitching for Toronto Blue Jays : RHP Hipolito Pichardo
|
|
Batting: RHB Albert Belle
|
0-0: Ground out 1-3 (Groundball, 23, EV 79.4 MPH)
|
|
Batting: RHB Eric Davis
|
0-0: Ball 1-0: Ball 2-0: Ball 3-0: Base on Balls
|
|
Batting: LHB Willie Greene
|
0-0: Ball 1-0: Swinging Strike 1-1: Ball 2-1: SINGLE (Groundball, 34D, EV 94.4 MPH) Eric Davis to second Runner from 2nd tries for 3rd, SAFE, no throw by RF
|
|
Batting: LHB Jon Nunnally
|
0-0: Called Strike 0-1: Ball 1-1: Called Strike 1-2: Ball 2-2: Ground out U3 (Groundball, 3S, EV 69.4 MPH) Eric Davis scores Willie Greene to second
|
|
Batting: SHB Mickey Tettleton
|
0-0: Ball 1-0: Called Strike 1-1: Foul Ball, location: 2F 1-2: Ball 2-2: Foul Ball, location: 2F 2-2: Ball 3-2: Fly out, F7 (Flyball, 7LS, EV 85.6 MPH)
|
| Bottom of the 2nd over - 1 run, 1 hit, 0 errors, 1 left on base; Toronto 1 - Washington 1 |
| TOP OF THE 3RD |
|
Toronto Blue Jays batting - Pitching for Washington Senators : RHP Kevin Millwood
|
|
Batting: RHB Derek Jeter
|
0-0: Ball 1-0: Foul Ball, location: 2F 1-1: DOUBLE (Flyball, 8RXD, EV 88.8 MPH)
|
|
Batting: RHB Mark McGwire
|
0-0: Ball 1-0: Called Strike 1-1: Foul Ball, location: 2F 1-2: Foul Ball, location: 2F 1-2: Ball 2-2: Ball 3-2: Foul Ball, location: 2F 3-2: Fly out, F8 (Flyball, 8RD, EV 93.8 MPH)
|
|
Batting: LHB Will Clark
|
0-0: Ball 1-0: Ball 2-0: Ball 3-0: Called Strike 3-1: Base on Balls
|
|
Batting: RHB Ellis Burks
|
0-0: Ball 1-0: Called Strike 1-1: Foul Ball, location: 2F 1-2: Foul Ball, location: 2F 1-2: Strikes out swinging
|
|
Batting: LHB Lance Johnson
|
0-0: Ball 1-0: Ball 2-0: TRIPLE (Flyball, 89XD, EV 91.3 MPH) Derek Jeter scores Will Clark scores
|
|
Batting: LHB Tony Womack
|
0-0: Ball 1-0: DOUBLE (Groundball, 5L, EV 106.3 MPH) Lance Johnson scores
|
|
Batting: RHB Hector Villanueva
|
0-0: Ball 1-0: Foul Ball, location: 2F 1-1: Ground out 5-3 (Groundball, 56, EV 113.1 MPH)
|
| Top of the 3rd over - 3 runs, 3 hits, 0 errors, 1 left on base; Toronto 4 - Washington 1 |
| BOTTOM OF THE 3RD |
|
Washington Senators batting - Pitching for Toronto Blue Jays : RHP Hipolito Pichardo
|
|
Batting: LHB Don Mattingly
|
0-0: Called Strike 0-1: Swinging Strike 0-2: Foul Ball, location: 2F 0-2: TRIPLE (Flyball, 89XD, EV 96.3 MPH)
|
|
Batting: RHB Kevin Sefcik
|
0-0: Foul Ball, location: 2F 0-1: Ball 1-1: Called Strike 1-2: Fly out, F8 (Flyball, 8RM, EV 86.3 MPH)
|
|
Batting: RHB Vladimir Guerrero
|
0-0: Ball 1-0: Ball 2-0: SINGLE (Flyball, 9S, EV 81.9 MPH) Don Mattingly scores
|
|
Batting: RHB Alex Rodriguez
|
0-0: Ball 1-0: Called Strike 1-1: Ball 2-1: Foul Ball, location: 2F 2-2: Fly out, F8 (Flyball, 8LD, EV 103.8 MPH)
|
|
Batting: RHB Albert Belle
|
0-0: Ball 1-0: Ball 2-0: Called Strike 2-1: Fly out, F8 (Flyball, 89D, EV 86.9 MPH)
|
| Bottom of the 3rd over - 1 run, 2 hits, 0 errors, 1 left on base; Toronto 4 - Washington 2 |
| TOP OF THE 4TH |
|
Toronto Blue Jays batting - Pitching for Washington Senators : RHP Kevin Millwood
|
|
Batting: SHB Tony Fernandez
|
0-0: Ball 1-0: Called Strike 1-1: SINGLE (Groundball, 4M, EV 80.6 MPH) (infield hit)
|
|
Batting: SHB Torey Lovullo
|
0-0: Ball 1-0: Bunt missed! 1-1: Bunt missed! 1-2: Ball 2-2: Ball 3-2: Fly out, F9 (Flyball, 9S, EV 86.9 MPH)
|
|
Batting: RHB Derek Jeter
|
0-0: Ball 1-0: SINGLE (Flyball, 8LS, EV 88.1 MPH) Tony Fernandez to second Tony Fernandez to third
|
|
Batting: RHB Mark McGwire
|
0-0: Called Strike 0-1: Swinging Strike 0-2: Ball 1-2: Foul Ball, location: 2F 1-2: Ball 2-2: Ball 3-2: Foul Ball, location: 2F 3-2: Grounds into double play, 1-6-3 (Groundball, 13, EV 68.1 MPH)
|
| Top of the 4th over - 0 runs, 2 hits, 0 errors, 1 left on base; Toronto 4 - Washington 2 |
| BOTTOM OF THE 4TH |
|
Washington Senators batting - Pitching for Toronto Blue Jays : RHP Hipolito Pichardo
|
|
Batting: RHB Eric Davis
|
0-0: Swinging Strike 0-1: Ball 1-1: Ball 2-1: Foul Ball, location: 2F 2-2: Foul Ball, location: 2F 2-2: Fly out, F2 (Popup, 13S, EV 83.8 MPH)
|
|
Batting: LHB Willie Greene
|
0-0: Swinging Strike 0-1: Ball 1-1: Fly out, F9 (Flyball, 9LD, EV 103.1 MPH)
|
|
Batting: LHB Jon Nunnally
|
0-0: Swinging Strike 0-1: Swinging Strike 0-2: Ball 1-2: TRIPLE (Line Drive, 89XD, EV 108.8 MPH)
|
|
Batting: SHB Mickey Tettleton
|
0-0: Called Strike 0-1: Ball 1-1: Foul Ball, location: 2F 1-2: Ball 2-2: Ball 3-2: Ground out 4-3 (Groundball, 4M, EV 87.5 MPH)
|
| Bottom of the 4th over - 0 runs, 1 hit, 0 errors, 1 left on base; Toronto 4 - Washington 2 |
| TOP OF THE 5TH |
|
Toronto Blue Jays batting - Pitching for Washington Senators : RHP Kevin Millwood
|
|
Batting: LHB Will Clark
|
0-0: Swinging Strike 0-1: Ball 1-1: Foul Ball, location: 2F 1-2: Ball 2-2: Strikes out swinging
|
|
Batting: RHB Ellis Burks
|
0-0: DOUBLE (Line Drive, 89D, EV 106.9 MPH)
|
|
Batting: LHB Lance Johnson
|
0-0: Called Strike 0-1: Swinging Strike 0-2: DOUBLE (Line Drive, 78XD, EV 106.3 MPH) Ellis Burks scores
|
|
Batting: LHB Tony Womack
|
0-0: Ball 1-0: Called Strike 1-1: Called Strike Lance Johnson is caught stealing 3rd base 2-5 1-2: Ground out 6-3 (Groundball, 6, EV 106.9 MPH)
|
| Top of the 5th over - 1 run, 2 hits, 0 errors, 0 left on base; Toronto 5 - Washington 2 |
| BOTTOM OF THE 5TH |
|
Washington Senators batting - Pitching for Toronto Blue Jays : RHP Hipolito Pichardo
|
|
Batting: LHB Don Mattingly
|
0-0: Ball 1-0: Ball 2-0: Called Strike 2-1: Ground out 4-3 (Groundball, 4, EV 84.4 MPH)
|
|
Batting: RHB Kevin Sefcik
|
0-0: Ball 1-0: Foul Ball, location: 2F 1-1: Swinging Strike 1-2: Ball 2-2: Foul Ball, location: 2F 2-2: Reached on error, E3 (Groundball, 34, EV 85.6 MPH)
|
|
Batting: RHB Vladimir Guerrero
|
0-0: Called Strike 0-1: Swinging Strike 0-2: Ball 1-2: Foul Ball, location: 2F 1-2: Ball 2-2: Ball 3-2: Foul Ball, location: 2F 3-2: Base on Balls Kevin Sefcik to second
|
|
Batting: RHB Alex Rodriguez
|
0-0: Called Strike 0-1: Ball 1-1: Called Strike 1-2: Foul Ball, location: 2F 1-2: Foul Ball, location: 2F 1-2: Fly out, F4 (Line Drive, 4, EV 63.8 MPH)
|
|
Batting: RHB Albert Belle
|
0-0: Foul Ball, location: 2F 0-1: Called Strike 0-2: Foul Ball, location: 2F 0-2: Ball 1-2: Strikes out swinging
|
| Bottom of the 5th over - 0 runs, 0 hits, 1 error, 2 left on base; Toronto 5 - Washington 2 |
| TOP OF THE 6TH |
|
Toronto Blue Jays batting - Pitching for Washington Senators : RHP Kevin Millwood
|
|
Pitching: LHP Jim Poole
|
|
|
Batting: RHB Hector Villanueva
|
0-0: Called Strike 0-1: Fly out, F8 (Flyball, 8LXD, EV 109.4 MPH)
|
|
Batting: SHB Tony Fernandez
|
0-0: Ball 1-0: Swinging Strike 1-1: Called Strike 1-2: Strikes out swinging
|
|
Batting: SHB Torey Lovullo
|
0-0: Called Strike 0-1: Swinging Strike 0-2: Foul Ball, location: 2F 0-2: Strikes out swinging
|
| Top of the 6th over - 0 runs, 0 hits, 0 errors, 0 left on base; Toronto 5 - Washington 2 |
| BOTTOM OF THE 6TH |
|
Washington Senators batting - Pitching for Toronto Blue Jays : RHP Hipolito Pichardo
|
|
Batting: RHB Eric Davis
|
0-0: Ball 1-0: Called Strike 1-1: Ball 2-1: Ball 3-1: Base on Balls
|
|
Batting: LHB Willie Greene
|
0-0: Called Strike Eric Davis steals 2nd base 0-1: Ball 1-1: DOUBLE (Line Drive, 8RXD, EV 107.5 MPH) Eric Davis scores
|
|
Pitching: RHP Ramon Pena
|
|
|
Batting: LHB Jon Nunnally
|
0-0: Ball 1-0: Called Strike 1-1: Called Strike 1-2: Ball 2-2: Foul Ball, location: 2F 2-2: Strikes out looking
|
|
Batting: SHB Mickey Tettleton
|
0-0: Foul Ball, location: 2F 0-1: Swinging Strike 0-2: Ground out 6-3 (Groundball, 6, EV 97.5 MPH)
|
|
Batting: LHB Don Mattingly
|
0-0: Swinging Strike 0-1: Foul Ball, location: 2F 0-2: Ground out 6-3 (Groundball, 4MD, EV 98.1 MPH)
|
| Bottom of the 6th over - 1 run, 1 hit, 0 errors, 1 left on base; Toronto 5 - Washington 3 |
| TOP OF THE 7TH |
|
Toronto Blue Jays batting - Pitching for Washington Senators : LHP Jim Poole
|
|
Batting: RHB Derek Jeter
|
0-0: Ball 1-0: Foul Ball, location: 2F 1-1: Ball 2-1: Called Strike 2-2: Foul Ball, location: 2F 2-2: SINGLE (Line Drive, 7LS, EV 86.9 MPH)
|
|
Batting: RHB Mark McGwire
|
0-0: Called Strike 0-1: Ball 1-1: Ball 2-1: Ball 3-1: Foul Ball, location: 2F 3-2: Base on Balls Derek Jeter to second
|
|
Batting: LHB Will Clark
|
0-0: Ball 1-0: Sac Bunt to 25 - play at first, batter OUT! 5-4 Derek Jeter to third Mark McGwire to second
|
|
Batting: RHB Ellis Burks
|
0-0: Intentional Walk
|
|
Batting: LHB Lance Johnson
|
0-0: SINGLE (Groundball, 34D, EV 95.6 MPH) Derek Jeter scores Mark McGwire to third Ellis Burks to second
|
|
Batting: LHB Tony Womack
|
0-0: Foul Ball, location: 2F 0-1: Ball 1-1: Foul Ball, location: 2F 1-2: Strikes out swinging
|
|
Batting: RHB Hector Villanueva
|
0-0: Ball 1-0: GRAND SLAM HOME RUN (Flyball, 78XD, EV 110.6 MPH), Distance : 391 ft
|
|
Pitching: LHP Scott Ruskin
|
|
|
Batting: SHB Tony Fernandez
|
0-0: Ball 1-0: Called Strike 1-1: Foul Ball, location: 2F 1-2: Strikes out looking
|
| Top of the 7th over - 5 runs, 3 hits, 0 errors, 0 left on base; Toronto 10 - Washington 3 |
| BOTTOM OF THE 7TH |
|
Washington Senators batting - Pitching for Toronto Blue Jays : RHP Ramon Pena
|
|
Pinch Hitting: RHB Pat F. Kelly
|
0-0: Ball 1-0: Called Strike 1-1: Ball 2-1: Ball 3-1: Ground out 5-3 (Groundball, 56, EV 103.8 MPH)
|
|
Pinch Hitting: RHB Ernie Young
|
0-0: Called Strike 0-1: Swinging Strike 0-2: Ball 1-2: Foul Ball, location: 2F 1-2: Foul Ball, location: 2F 1-2: Foul Ball, location: 2F 1-2: Ball 2-2: Foul Ball, location: 2F 2-2: Ball 3-2: Strikes out swinging
|
|
Batting: RHB Alex Rodriguez
|
0-0: Called Strike 0-1: Foul Ball, location: 2F 0-2: Ball 1-2: Ball 2-2: Strikes out looking
|
| Bottom of the 7th over - 0 runs, 0 hits, 0 errors, 0 left on base; Toronto 10 - Washington 3 |
| TOP OF THE 8TH |
|
Toronto Blue Jays batting - Pitching for Washington Senators : LHP Scott Ruskin
|
|
Now at 2B: Pat F. Kelly
|
|
|
Now in CF: Ernie Young
|
|
|
Batting: SHB Torey Lovullo
|
0-0: Ball 1-0: Ball 2-0: Ball 3-0: Base on Balls
|
|
Batting: RHB Derek Jeter
|
0-0: Swinging Strike 0-1: Ball 1-1: Fly out, F8 (Flyball, 8RS, EV 85.6 MPH)
|
|
Batting: RHB Mark McGwire
|
0-0: Ball 1-0: Ball 2-0: Ball 3-0: Base on Balls Torey Lovullo to second
|
|
Batting: LHB Will Clark
|
0-0: Called Strike 0-1: Ball 1-1: Called Strike 1-2: Ball 2-2: Foul Ball, location: 2F 2-2: Foul Ball, location: 2F 2-2: Foul Ball, location: 2F 2-2: SINGLE (Groundball, 34D, EV 108.1 MPH) Torey Lovullo to third Mark McGwire to second Runner from 3rd tries for Home, SAFE, throw by RF to home
|
|
Batting: RHB Ellis Burks
|
0-0: Called Strike 0-1: Ball 1-1: Foul Ball, location: 2F 1-2: Foul Ball, location: 2F 1-2: Strikes out swinging
|
|
Batting: LHB Lance Johnson
|
0-0: Fly out, F9 (Flyball, 89D, EV 90.0 MPH)
|
| Top of the 8th over - 1 run, 1 hit, 0 errors, 2 left on base; Toronto 11 - Washington 3 |
| BOTTOM OF THE 8TH |
|
Washington Senators batting - Pitching for Toronto Blue Jays : RHP Ramon Pena
|
|
Batting: RHB Albert Belle
|
0-0: Foul Ball, location: 2F 0-1: Ground out 6-3 (Groundball, 6, EV 91.3 MPH)
|
|
Batting: RHB Eric Davis
|
0-0: Ball 1-0: SOLO HOME RUN (Flyball, 89XD, EV 104.4 MPH), Distance : 396 ft
|
|
Batting: LHB Willie Greene
|
0-0: Ball 1-0: Ball 2-0: Called Strike 2-1: Foul Ball, location: 2F 2-2: Ball 3-2: Fly out, F7 (Flyball, 78S, EV 90.0 MPH)
|
|
Batting: LHB Jon Nunnally
|
0-0: Ball 1-0: Ball 2-0: Called Strike 2-1: Ball 3-1: Base on Balls
|
|
Pitching: RHP Curt Brown
|
|
|
Batting: SHB Mickey Tettleton
|
0-0: Called Strike 0-1: Foul Ball, location: 2F 0-2: Foul Ball, location: 2F 0-2: Ball 1-2: Ball 2-2: Strikes out swinging
|
| Bottom of the 8th over - 1 run, 1 hit, 0 errors, 1 left on base; Toronto 11 - Washington 4 |
| TOP OF THE 9TH |
|
Toronto Blue Jays batting - Pitching for Washington Senators : LHP Scott Ruskin
|
|
Batting: LHB Tony Womack
|
0-0: Ball 1-0: Fly out, F5 (Popup, 5, EV 61.3 MPH)
|
|
Batting: RHB Hector Villanueva
|
0-0: Ball 1-0: Ball 2-0: Ball 3-0: Called Strike 3-1: Base on Balls
|
|
Batting: SHB Tony Fernandez
|
0-0: Grounds into double play, 6-4-3 (Groundball, 6, EV 86.9 MPH)
|
| Top of the 9th over - 0 runs, 0 hits, 0 errors, 0 left on base; Toronto 11 - Washington 4 |
| BOTTOM OF THE 9TH |
|
Washington Senators batting - Pitching for Toronto Blue Jays : RHP Curt Brown
|
|
Batting: LHB Don Mattingly
|
0-0: Ball 1-0: Fly out, F7 (Flyball, 78D, EV 82.5 MPH)
|
|
Batting: RHB Pat F. Kelly
|
0-0: Ball 1-0: Hit by Pitch
|
|
Batting: RHB Ernie Young
|
0-0: Ball 1-0: Called Strike 1-1: Ball 2-1: 2-RUN HOME RUN (Flyball, 89XD, EV 96.3 MPH), Distance : 406 ft
|
|
Batting: RHB Alex Rodriguez
|
0-0: Ball 1-0: Called Strike 1-1: Foul Ball, location: 2F 1-2: Strikes out looking
|
|
Batting: RHB Albert Belle
|
0-0: Foul Ball, location: 2F 0-1: Ball 1-1: Ground out 5-3 (Groundball, 56S, EV 83.1 MPH)
|
| Bottom of the 9th over - 2 runs, 1 hit, 0 errors, 0 left on base; Toronto 11 - Washington 6 |
|